 Dungeon Crawl Stone Soup version 0.29.1-2-gbd0b4ee654 (webtiles) character file.

Game seed: 3587544737565340510

606 Gabide the Trooper (level 7, -8/54 HPs)
             Began as a Djinni Hedge Wizard on Oct 28, 2022.
             Mangled by a vampire (9 damage)
             ... on level 5 of the Dungeon.
             The game lasted 00:09:03 (7019 turns).

Gabide the Trooper (Djinni Hedge Wizard)            Turns: 7019, Time: 00:09:04

Health: -8/54      AC:  6    Str:  9    XL:     7   Next: 70%
Gold:   299        EV: 12    Int: 17    God:
                   SH:  0    Dex: 13

rFire   + + .      SeeInvis .   a - +4 short sword
rCold   x . .      Faith    .   (no shield)
rNeg    . . .      Spirit   .   b - +0 robe
rPois   ∞          Reflect  .   s - +0 helmet
rElec   .          Harm     .   (no cloak)
rCorr   .          Rampage  .   p - +2 pair of gloves
Will    .....                   (boots unavailable)
Stlth   +.........              (no amulet)
HPRegen 0.18/turn               (no ring)
MPRegen 0.00/turn               (no ring)

@: confused, mighty, brilliant, flying
A: sickness immunity, fire resistance 2, cold vulnerability 1, float, innate
caster, HP casting, extra vitality 1
a: no special abilities


You were on level 5 of the Dungeon.
You visited 1 branch of the dungeon, and saw 5 of its levels.

You collected 299 gold pieces.

Inventory:

Hand Weapons
 a - a +4 short sword (weapon)
Missiles
 k - 3 javelins
Armour
 b - a +0 robe (worn)
 p - a +2 pair of gloves (worn)
 s - a +0 helmet (worn)
Wands
 q - a wand of paralysis (5)
 w - a wand of flame (3)
Scrolls
 c - a scroll of blinking {unknown}
 f - 2 scrolls of teleportation
 g - 7 scrolls of identify {unknown}
 j - a scroll of amnesia {unknown}
 l - a scroll of summoning {unknown}
 n - 2 scrolls of fear {unknown}
 o - a scroll of magic mapping {unknown}
 v - a scroll of vulnerability {unknown}
 x - 2 scrolls of noise {unknown}
 y - a scroll of immolation {unknown}
Potions
 d - a potion of flight {unknown}
 e - a potion of lignification {unknown}
 h - 2 potions of brilliance
 i - a potion of curing
 m - a potion of mutation {unknown}
 r - 2 potions of might
 t - a potion of haste {unknown}
 u - a potion of magic {unknown}


   Skills:
 + Level 5.3 Fighting
 - Level 3.0 Dodging
 - Level 2.0 Stealth
 + Level 4.4 Spellcasting


You couldn't memorise any spells.
You knew the following spells:

 Your Spells              Type           Power      Damage    Failure   Level
a - Magic Dart            Conj           100%       1d8       2%          1
b - Blink                 Tloc           56%        N/A       3%          2
c - Call Imp              Summ           28%        N/A       3%          2
d - Slow                  Hex            100%       N/A       2%          1
e - Conjure Flame         Conj/Fire      28%        6-21      7%          3
f - Mephitic Cloud        Conj/Pois/Air  28%        N/A       7%          3
g - Sting                 Tmut/Pois      100%       1d8       2%          1
h - Passwall              Tmut/Erth      23%        N/A       3%          2
i - Ozocubu's Armour      Ice            28%        N/A       7%          3
Your spell library was empty.

Dungeon Overview and Level Annotations

Branches:
Dungeon (5/15)
 Temple: D:4-7

Altars:
The Shining One


Innate Abilities, Weirdness & Mutations

You are immune to sickness and miasma.
You are immune to poison.
Your flesh is very heat resistant. (rF++)
You are vulnerable to cold. (rC-)
You float through the air rather than walking.
You learn spells naturally, not from books.
Your magical power is your life essence.
You have superior vitality. (+4 MHP)


Message History

Your icy armour will break if you move.
Continue? [Y]es or [N]o only, please.
Your icy armour will break if you move.
Continue? [Y]es or [N]o only, please.
Your icy armour will break if you move.
Continue? [Y]es or [N]o only, please.
Your icy armour will break if you move.
Continue? [Y]es or [N]o only, please.
Your icy armour will break if you move.
Continue? [Y]es or [N]o only, please.
Your icy armour will break if you move.
Continue? [Y]es or [N]o only, please.
Your icy armour will break if you move.
Continue?
You're too confused to move!
You hear some strange, mumbled words.
You are more confused.
Your icy armour will break if you move.
Continue? [Y]es or [N]o only, please.
Your icy armour will break if you move.
Continue? [Y]es or [N]o only, please.
Your icy armour will break if you move.
Continue? [Y]es or [N]o only, please.
Your icy armour will break if you move.
Continue? [Y]es or [N]o only, please.
Your icy armour will break if you move.
Continue?
You bump into the rock wall.
Something hits you.
* * * LOW HITPOINT WARNING * * *
Something bites you but does no damage.
Your icy armour will break if you move.
Continue? [Y]es or [N]o only, please.
Your icy armour will break if you move.
Continue?
Your icy armour cracks and falls away as you move.
Something hits you but does no damage. Something bites you but does no damage.
You bump into the rock wall.
Something hits you.
* * * LOW HITPOINT WARNING * * *
Something barely misses you.
You bump into the rock wall.
Something hits you!
* * * LOW HITPOINT WARNING * * *
Something bites you!
You die...

#..
#.#
#$#
#.#
#.#
#.#
#.#
#.#
#@#
##{#
#..#
#.##
#.#
#.#
#.#
#.#
#>#
#.#


There were no monsters in sight!

Vanquished Creatures
  Edmund (D:4)
  A water moccasin (D:5)
  A hound (D:3)
  A jelly (D:5)
  Ijyb (D:3)
  3 iguanas
  An orc wizard (D:5)
  Terence (D:3)
  Robin (D:3)
  5 adders
  4 dart slugs
  8 orcs (D:5)
  3 ball pythons
  8 endoplasms
  3 giant cockroaches
  15 goblins
  4 hobgoblins
  6 bats
  7 frilled lizards
  4 kobolds
  13 rats
91 creatures vanquished.

Vanquished Creatures (collateral kills)
  A dart slug (D:2)
  An endoplasm (D:2)
  2 giant cockroaches
  2 hobgoblins (D:2)
  A quokka (D:1)
  A rat (D:2)
8 creatures vanquished.

Grand Total: 99 creatures vanquished

Notes
Turn   | Place    | Note
-------+----------+-------------------------------------------
     0 | D:1      | Gabide the Djinni Hedge Wizard began the quest for the Orb.
     0 | D:1      | Gabide set off with the following spells memorised: Magic
                  | Dart, Blink, Call Imp, Slow, Conjure Flame, Mephitic Cloud.
     0 | D:1      | Reached XP level 1. HP: 15/15 MP: 0/0
   267 | D:1      | Reached XP level 2. HP: 19/22 MP: 0/0
   924 | D:1      | Reached skill level 1 in Fighting
   924 | D:1      | Reached XP level 3. HP: 14/27 MP: 0/0
   924 | D:1      | Learned a level 1 spell: Sting
  2242 | D:2      | Reached XP level 4. HP: 25/32 MP: 0/0
  2771 | D:2      | Reached skill level 2 in Fighting
  3565 | D:3      | Reached XP level 5. HP: 37/39 MP: 0/0
  3565 | D:3      | Learned a level 2 spell: Passwall
  3684 | D:3      | Noticed Ijyb
  3698 | D:3      | Killed Ijyb
  3699 | D:3      | Reached skill level 3 in Fighting
  3991 | D:3      | Noticed Terence
  4011 | D:3      | Killed Terence
  4082 | D:3      | Noticed Robin
  4108 | D:3      | Killed Robin
  4555 | D:3      | Reached XP level 6. HP: 42/47 MP: 0/0
  5348 | D:4      | Reached skill level 4 in Fighting
  5507 | D:4      | Found a glowing golden altar of the Shining One.
  5598 | D:4      | Noticed Edmund
  5624 | D:4      | Killed Edmund
  5625 | D:4      | Reached XP level 7. HP: 15/53 MP: 0/0
  5625 | D:4      | Learned a level 3 spell: Ozocubu's Armour
  6041 | D:5      | Entered Level 5 of the Dungeon
  6552 | D:5      | Noticed a water moccasin
  6566 | D:5      | Killed a water moccasin
  6567 | D:5      | Reached skill level 5 in Fighting
  6975 | D:5      | Noticed a vampire
  7019 | D:5      | HP: 1/54 [something (10)]
  7019 | D:5      | Mangled by a vampire

Illustrated notes

Levels and vault maps discovered:
D:1:      sevenhm_arrival_forest_fort_large_4, layout_basic, serial_curves,
          eino_curves_02, eino_curves_02, minmay_rat_gold_closets
D:2:      layout_loops_corners, minmay_misc_feat_iff
D:3:      layout_loops_ring, minmay_fountain_box, nrook_mini_vaults, uniq_robin,
          uniq_terence, uniq_ijyb
D:4:      layout_gridville, mainiacjoe_overflow_two_lobes,
          kennysheep_generic_room_2, uniq_edmund
D:5:      layout_loops_ring, cheibrodos_sewer_entry_bend

Skill      XL: |  1  2  3  4  5  6  7 |
---------------+----------------------+-----
Fighting       | 1 2 3 4 5 |  5.3
Stealth        | 2 |  2.0
Dodging        | 3 |  3.0
Spellcasting   | 3 4 |  4.4

Action                   |  1- 3 |  4- 6 |  7- 9 || total
-------------------------+-------+-------+-------++-------
Melee: Dagger            |    40 |    10 |       ||    50
       Short sword       |       |       |     3 ||     3
 Cast: Magic Dart        |    47 |     1 |     1 ||    49
       Call Imp          |    15 |     2 |     1 ||    18
       Sting             |       |   132 |    51 ||   183
       Conjure Flame     |       |       |     3 ||     3
       Slow              |       |       |     1 ||     1
       Blink             |       |       |     1 ||     1
       Ozocubu's Armour  |       |       |     1 ||     1
  Use: Scroll            |       |     1 |       ||     1
       Potion            |       |       |     4 ||     4
 Stab: Sleeping          |     4 |       |       ||     4
       Distracted        |     1 |       |       ||     1
Armor: Robe              |    18 |    29 |    11 ||    58
Dodge: Dodged            |    39 |    63 |    13 ||   115
